 Dungeon Crawl Stone Soup version 0.30-a0-779-g7971cf19c3 (webtiles) character file.

Game seed: 13979394126141651346

132 Leeroy the Slasher (level 5, 0/26 HPs)
             Began as a Vine Stalker Warper on Feb 17, 2023.
             Succumbed to a gnoll's poison
             ... on level 3 of the Dungeon.
             The game lasted 00:03:19 (2542 turns).

Leeroy the Slasher (Vine Stalker Warper)            Turns: 2542, Time: 00:03:19

Health: 0/26       AC:  5    Str: 14    XL:     5   Next: 15%
Magic:  0/9        EV: 11    Int: 13    God:
Gold:   200        SH:  0    Dex: 15    Spells: 3/8 levels left

rFire   . . .      SeeInvis .    a - +0 falchion
rCold   . . .      Faith    .    (no shield)
rNeg    . . .      Spirit   +    b - +0 leather armour
rPois   .          Reflect  .    p - +2 hat of the Bear Spirit {Spirit, Bear, *Rage Will++}
rElec   .          Harm     .    (no cloak)
rCorr   .          Rampage  .    (no gloves)
Will    ++...      Rage     20%  (no boots)
Stlth   +                        (no amulet)
HPRegen 1.04/turn                (no ring)
MPRegen 0.11/turn                (no ring)

@: lethally poisoned (0 -> -2)
A: fangs 2, regeneration 1, magic shield, antimagic bite, no potion heal 2
a: no special abilities


You were on level 3 of the Dungeon.
You visited 1 branch of the dungeon, and saw 4 of its levels.

You collected 200 gold pieces.

Inventory:

Hand Weapons
 a - a +0 falchion (weapon)
Missiles
 d - 7 boomerangs of dispersal (quivered)
 f - 2 throwing nets
 o - 8 poisoned darts
 s - 3 boomerangs
Armour
 b - a +0 leather armour (worn)
 m - a +0 helmet
 p - the +2 hat of the Bear Spirit (worn) {Spirit, Bear, *Rage Will++}
   (You found it on level 2 of the Dungeon)

   Bear:      Going berserk makes the wearer tougher, and they're slowed less
   afterward.
   *Rage:     It berserks you when you make melee attacks (+20% chance).
   Will:      It greatly increases your willpower.
Scrolls
 j - 2 scrolls of teleportation {unknown}
 l - a scroll of amnesia {unknown}
 n - 2 scrolls of identify {unknown}
 q - a scroll of poison {unknown}
Potions
 e - a potion of might {unknown}
 g - a potion of flight {unknown}
 h - a potion of mutation {unknown}
 i - 2 potions of heal wounds {unknown}
 k - 2 potions of curing {unknown}
 r - a potion of cancellation {unknown}


   Skills:
 - Level 1.7 Fighting
 + Level 4.7 Long Blades
 - Level 0.8 Throwing
 - Level 0.7 Armour
 - Level 1.5 Dodging
 - Level 2.1 Spellcasting
 - Level 3.0 Translocations


You had 3 spell levels left.
You knew the following spells:

 Your Spells              Type           Power      Damage    Failure   Level
a - Blink                 Tloc           18%        N/A       14%         2
b - Vhi's Electric Charg  Tloc/Air       10%        N/A       45%         3

Your spell library contained the following spells:

 Spells                   Type           Power      Damage    Failure   Level
 Lesser Beckoning         Tloc           18%        N/A       14%         2
 Teleport Other           Tloc           9%         N/A       28%         3
 Slow                     Hex            4%         N/A       32%         1
 Confusing Touch          Hex            1%         N/A       67%         3
 Vampiric Draining        Necr           1%         2d6       67%         3
 Manifold Assault         Tloc           9%         N/A       67%         4


Dungeon Overview and Level Annotations

Branches:
Dungeon (4/15)
 Temple: D:4-7

Altars:
Uskayaw
Vehumet

Shops:
D:2 (


Innate Abilities, Weirdness & Mutations

You have extremely sharp teeth.
Your natural rate of healing is unusually fast.
When hurt, damage is shared between your health and your magic reserves.
Your bite disrupts and absorbs the magic of your enemies.
Potions cannot restore your health.


Message History

The gnoll shouts! x2; You hear an angry hiss.
The gnoll throws a throwing net.
The throwing net hits you.
You become entangled in the net!
You see here a throwing net.
You are held in a net!
You struggle against the net.
A gnoll comes into view. It is wielding a +0 whip.
A phantom comes into view.
You struggle against the net.
You struggle against the net.
You shred the net and break free!
Found a hand axe.
An iguana comes into view.
The iguana hisses angrily.
There is a stone staircase leading up here.
The gnoll hits you from afar with a +0 halberd of venom!
You are poisoned.
You feel sick.
The gnoll hits you from afar with a +0 halberd of venom.
You are more poisoned.
The iguana bites you.
You climb upwards.
You feel very sick.
There is a stone staircase leading down here.
You are too injured to fight recklessly!
You are too injured to fight recklessly!
You are too injured to fight recklessly!
You hit the iguana but do no damage.
* * * LOW HITPOINT WARNING * * *
You feel very sick.
The iguana hisses menacingly.
The iguana barely misses you.
Okay, then.
You hit the iguana but do no damage.
You feel sick. The iguana bites you!
* * * LOW HITPOINT WARNING * * *
Okay, then.
Blink to where?
Press: ? - help, Dir - move target
As you read the scroll of blinking, it crumbles to dust.
You die...

#.l....###### ###...
#..§........###...##
#.......#.......###.
#.........#...###...
#......####.....÷...
#......# #...##....
#......# #...##..).
###'#######...###...
#@# #....### #...
#.# #.#### ##.. #.##
#.# #.. #..###.# ##.
##...#.## #.
#####....### #.
#..........# #.
#..........########
#..........'......#


There were no monsters in sight!

Vanquished Creatures
  5 adders
  An ufetubus (D:4)
  2 worms
  2 dart slugs
  5 orcs
  12 ball pythons
  6 bats
  4 endoplasms
  A giant cockroach (D:3)
  6 goblins
  4 hobgoblins
  8 kobolds
  2 quokkas
  2 frilled lizards
  4 rats
64 creatures vanquished.

Notes
Turn   | Place    | Note
-------+----------+-------------------------------------------
     0 | D:1      | Leeroy the Vine Stalker Warper began the quest for the Orb.
     0 | D:1      | Reached XP level 1. HP: 11/11 MP: 4/4
    83 | D:1      | Reached skill level 2 in Long Blades
   154 | D:1      | Reached XP level 2. HP: 12/15 MP: 6/6
   606 | D:1      | Reached skill level 3 in Long Blades
   800 | D:2      | Reached XP level 3. HP: 18/18 MP: 7/7
   966 | D:2      | Gained mutation: Your natural rate of healing is unusually
                  | fast. [Vine Stalker growth]
   966 | D:2      | Reached XP level 4. HP: 13/23 MP: 5/8
   999 | D:2      | Found the +2 hat of the Bear Spirit {Spirit, Bear, *Rage
                  | Will++}
  1121 | D:2      | Reached skill level 4 in Long Blades
  1145 | D:2      | Found Dempio's Weapon Shop.
  1399 | D:2      | Learned a level 2 spell: Blink
  1403 | D:2      | Learned a level 3 spell: Vhi's Electric Charge
  1910 | D:3      | Found a radiant altar of Vehumet.
  1919 | D:3      | Found a hide-covered altar of Uskayaw.
  2414 | D:3      | Reached XP level 5. HP: 19/26 MP: 4/9
  2526 | D:4      | Noticed a phantom
  2541 | D:3      | HP: 1/26 [iguana (4)]
  2542 | D:3      | Succumbed to a gnoll's poison

Illustrated notes

Levels and vault maps discovered:
D:1:      saegor_arrival_under_anarchy, layout_loops_ring, minmay_3d_cube
D:2:      layout_loops_ring, serial_shops, nicolae_shop_hallway_plus
D:3:      minmay_skewed_foursquare, layout_basic, mainiacjoe_overflow_swirl
D:4:      layout_cave_pools, pdpol_wu_jian_five_deadly_venoms,
          gammafunk_ghost_stat_death

Skill      XL: |  1  2  3  4 |
---------------+-------------+-----
Long Blades    | 2 3 4 |  4.7
Fighting       | |  1.7
Throwing       | |  0.8
Armour         | |  0.7
Dodging        | |  1.5
Spellcasting   | |  2.1
Translocations | |  3.0

Action                     |  1- 3 |  4- 6 || total
---------------------------+-------+-------++-------
  Melee: Falchion          |    82 |    72 ||   154
         Bite              |    15 |    10 ||    25
    Use: Scroll            |       |     1 ||     1
   Stab: Sleeping          |     2 |     1 ||     3
 Armour: Leather armour    |    23 |    27 ||    50
  Dodge: Dodged            |    54 |    50 ||   104

Table legend: (Time is in decaauts)
 A = Elapsed time spent in this place.
 B = Non-inter-level travel time spent in this place.
 C = Inter-level travel time spent in this place.
 D = Time resting spent in this place.
 E = Time spent auto-exploring this place.
 F = Levels seen in this place.
 G = Mean time per level.
                   A        B        C        D        E       F      G
               +--------+--------+--------+--------+--------+-----+--------+
         Total |   2619 |   2549 |     70 |    303 |   1778 |   4 |  654.8 |
       Dungeon |   2619 |   2549 |     70 |    303 |   1778 |   4 |  654.8 |
               +--------+--------+--------+--------+--------+-----+--------+

Top non-repeatable levels by time:
     D:3: 918 daAuts
     D:2: 809 daAuts
     D:1: 800 daAuts
     D:4: 91 daAuts
